AoeStats
← King Vlad VII

Enclosed

506911668Analyzed
1v1 RM · 16d ago on Sep 15, 2026· 49m 38s· 2 players
Game mode
Random Map
Map size
Tiny (2 player)
Population
200
Speed
Normal
Resources
Standard
Victory
Conquest
Starting age
Dark Age
Ending age
Imperial Age
RankedLock teamsTeams togetherTeam positionsShared explorationLock speedFull tech treeHidden civsTurbo modeCheats
Victory
Defeat
🇦🇷 Mongols · Argentina
1087
+11
🇬🇧 Sicilians · United Kingdom
983
-22
King Vlad VII
6:58 Loom
10:48 Feudal Age
12:14 Double-Bit Axe
13:02 Scale Mail Armor
14:37 Horse Collar
17:13 Fletching
23:00 Wheelbarrow
22:21 Horse Collar
27:01 Castle Age
26:22 Arson
26:37 Gold Mining
27:08 Pikeman
28:59 Chain Mail Armor
31:16 Forging
32:50 Gold Shaft Mining
33:15 Stone Mining
34:02 Masonry
35:01 Hand Cart
36:06 Murder Holes
36:24 Bodkin Arrow
37:39 Iron Casting
40:47 Heavy Plow
41:01 Bow Saw
42:53 Squires
43:07 Town Watch
43:15 Man-at-Arms
44:28 Padded Archer Armor
44:37 Scale Barding Armor
45:45 Bloodlines
45:36 Husbandry
48:19 Imperial Age
47:09 First Crusade
49:31 Hauberk
50:18 Conscription
Harrillo8268
9:17 Feudal Age
9:12 Loom
12:28 Bloodlines
13:39 Horse Collar
14:22 Double-Bit Axe
16:57 Forging
17:56 Scale Barding Armor
18:51 Wheelbarrow
22:17 Town Watch
23:25 Gold Mining
26:43 Castle Age
26:56 Castle Age
27:15 Light Cavalry
27:55 Husbandry
28:52 Iron Casting
37:25 Chain Barding Armor
41:38 Bow Saw
41:48 Hand Cart
41:36 Fletching
41:47 Padded Archer Armor
44:38 Imperial Age
42:32 Bodkin Arrow
45:19 Ballistics
45:38 Leather Archer Armor
46:13 Bracer
47:21 Elite Steppe Lancer
49:35 Blast Furnace
Connection lost

Rejoining the realm…

Still unreachable

The connection could not be restored.

Session expired

The server has moved on; the page needs a fresh start.